 Dungeon Crawl Stone Soup version 0.23.0-2-g0fe3ce5905 (webtiles) character file.

Game seed: 17908410046947215883

196118 Laan the Tortoise (level 17, -2/166 HPs)
             Began as a Minotaur Fighter on Feb 19, 2019.
             Was the Champion of Okawaru.
             Killed by a malign offering
             ... invoked by a deep elf high priest
              (19 damage)
             ... on level 2 of the Depths on Feb 20, 2019.
             The game lasted 00:57:00 (29934 turns).

Laan the Tortoise (Minotaur Fighter)               Turns: 29934, Time: 00:57:00

Health: -2/166     AC: 22    Str: 27    XL:     17   Next: 73%
Magic:  22/22      EV: 12    Int:  5    God:    Okawaru [******]
Gold:   1334       SH: 19    Dex: 14    Spells: 16/16 levels left

rFire    + + .     SeeInvis .   a - +6 broad axe (elec)
rCold    + + +     Gourm    .   c - +0 shield
rNeg     . . .     Faith    .   j - +0 chain mail "Moumy" {rElec rPois rCorr Int-3}
rPois    +         Spirit   .   i - +2 hat {MR+}
rElec    +         Reflect  +   l - scarf {rC+ rF+}
rCorr    +         Harm     .   W - +0 pair of gloves "Xeopae" {rF+ rCorr Int+3 Dex+3}
MR       ++...                  p - +2 pair of boots {Fly}
Stlth    ..........             F - +4 amulet of reflection
HPRegen  0.37/turn              k - ring of Peace {rPois rC++ Stlth+}
MPRegen  0.18/turn              M - +3 ring of evasion

@: flying, very slightly contaminated
A: retaliatory headbutt, horns 2
}: 1/15 runes: gossamer
a: Heroism, Finesse, Renounce Religion, Stop Flying


You were on level 2 of the Depths.
You worshipped Okawaru.
Okawaru was exalted by your worship.
You were not hungry.

You visited 6 branches of the dungeon, and saw 30 of its levels.
You also visited: Ice Cave.

You collected 2165 gold pieces.
You spent 831 gold pieces at shops.

Inventory:

Hand Weapons
 a - a +6 broad axe of electrocution (weapon)
 b - the +2 Maxwell's thermic engine {flame, freeze}
   (You found it on level 4 of the Lair of Beasts)

   It has been specially enchanted to burn those struck by it, causing extra
   injury to most foes and up to half again as much damage against particularly
   susceptible opponents.
   Big, fiery blades are also staple armaments of hydra-hunters.
Missiles
 N - 7 javelins of penetration (quivered)
Armour
 c - a +0 shield (worn)
 i - a +2 hat of magic resistance (worn)
 j - the +0 chain mail "Moumy" (worn) {rElec rPois rCorr Int-3}
   (You found it on level 3 of the Lair of Beasts)

   It affects your intelligence (-3).
   It insulates you from electricity.
   It protects you from poison.
   It provides partial protection from all sources of acid and corrosion.
 l - a scarf of resistance (worn)
 p - a +2 pair of boots of flying (worn)
 G - a +1 hat of intelligence
 W - the +0 pair of gloves "Xeopae" (worn) {rF+ rCorr Int+3 Dex+3}
   (Okawaru gifted it to you in an ice cave)

   It affects your intelligence (+3).
   It affects your dexterity (+3).
   It protects you from fire.
   It provides partial protection from all sources of acid and corrosion.
Jewellery
 k - the ring of Peace (left hand) {rPois rC++ Stlth+}
   (You bought it in a shop on level 2 of the Depths)

   [ring of stealth]

   It greatly protects you from cold.
   It protects you from poison.
   It makes you more stealthy.
 r - an uncursed ring of fire {unknown}
 u - an uncursed ring of see invisible
 F - a +4 amulet of reflection (around neck)
 L - an uncursed ring of poison resistance
 M - a +3 ring of evasion (right hand)
 X - an uncursed ring of protection from cold
Wands
 m - a wand of paralysis (7)
 y - a wand of scattershot (4)
 z - a wand of acid (22)
 C - a wand of digging (8)
 H - a wand of flame (61)
 K - a wand of iceblast (52)
 R - a wand of enslavement (9)
Scrolls
 e - 2 scrolls of blinking
 h - 2 scrolls of brand weapon
 n - 3 scrolls of amnesia
 o - 6 scrolls of teleportation
 B - 9 scrolls of identify
 D - 4 scrolls of magic mapping
 E - 11 scrolls of remove curse
 J - 4 scrolls of enchant armour
 P - 2 scrolls of summoning
Potions
 g - 2 potions of agility
 q - a potion of curing
 s - 7 potions of mutation
 v - 4 potions of haste
 w - 5 potions of lignification
 x - 4 potions of resistance
 A - 4 potions of invisibility
 I - 3 potions of cancellation
 Q - a potion of flight
 S - 3 potions of berserk rage
 U - 6 potions of ambrosia
 Y - a potion of might
Comestibles
 f - 62 rations


   Skills:
 + Level 18.9 Fighting
 - Level 18.0 Axes
 + Level 18.9 Armour
 - Level 17.0 Shields
 + Level 8.1 Invocations


You had 16 spell levels left.
You didn't know any spells.
Your spell library contained the following spells:

 Spells                   Type           Power        Failure   Level  Hunger
 Animate Skeleton         Necr           N/A          86%         1    ##.....
 Apportation              Tloc           #.....       86%         1    ##.....
 Beastly Appendage        Tmut           #.....       86%         1    ##.....
 Confusing Touch          Hex            #.....       86%         1    ##.....
 Freeze                   Ice            #...         86%         1    ##.....
 Infusion                 Chrm           #...         86%         1    ##.....
 Magic Dart               Conj           #...         86%         1    ##.....
 Pain                     Necr           #...         86%         1    ##.....
 Sting                    Conj/Pois      #...         86%         1    ##.....
 Summon Small Mammal      Summ           #...         86%         1    ##.....
 Ensorcelled Hibernation  Hex/Ice        #.....       94%         2    ###....
 Poisonous Vapours        Pois/Air       #.....       94%         2    ###....
 Searing Ray              Conj           #.....       94%         2    ###....
 Shroud of Golubria       Chrm/Tloc      #.........   94%         2    ###....
 Song of Slaying          Chrm           #.......     94%         2    ###....
 Sticks to Snakes         Tmut           #.......     94%         2    ###....
 Throw Frost              Conj/Ice       #.....       94%         2    ###....
 Dazzling Spray           Conj/Hex       #.....       99%         3    ####...
 Mephitic Cloud           Conj/Pois/Air  #.......     99%         3    ####...
 Ozocubu's Armour         Chrm/Ice       #.......     99%         3    ####...
 Regeneration             Chrm/Necr      #.........   99%         3    ####...
 Spectral Weapon          Hex/Chrm       #.......     99%         3    ####...
 Spider Form              Tmut/Pois      #.........   99%         3    ####...
 Vampiric Draining        Necr           #.........   99%         3    ####...
 Animate Dead             Necr           N/A          100%        4    #####..
 Force Lance              Conj/Tloc      #.......     100%        4    #####..
 Fulminant Prism          Conj/Hex       #.........   100%        4    #####..
 Ice Form                 Ice/Tmut       #.......     100%        4    #####..
 Iskenderun's Mystic Bla  Conj           #.......     100%        4    #####..
 Olgreb's Toxic Radiance  Pois           #.......     100%        4    #####..
 Summon Ice Beast         Ice/Summ       #.......     100%        4    #####..
 Throw Icicle             Conj/Ice       #.......     100%        4    #####..
 Blade Hands              Tmut           #.........   100%        5    ######.
 Borgnjor's Vile Clutch   Necr/Erth      #.........   100%        5    ######.
 Excruciating Wounds      Chrm/Necr      #.........   100%        5    ######.
 Iskenderun's Battlesphe  Conj/Chrm      #.......     100%        5    ######.
 Silence                  Hex/Air        #.........   100%        5    ######.
 Venom Bolt               Conj/Pois      #.........   100%        5    ######.
 Darkness                 Hex            #.........   100%        6    #######
 Shadow Creatures         Summ           N/A          100%        6    #######
 Ring of Flames           Chrm/Fire      #.........   100%        7    #######


Dungeon Overview and Level Annotations

Branches:
Dungeon (15/15)            Temple (1/1) D:7            Lair (6/6) D:10
 Shoals (2/4) Lair:2       Spider (4/4) Lair:4        Slime (0/5) Lair:5
    Orc (0/2) D:12         Vaults (0/5) D:14         Depths (2/5) D:15

Altars:
Ashenzari
Cheibriados
Dithmenos
Elyvilon
Fedhas
Gozag
Hepliaklqana
Kikubaaqudgha
Makhleb
Nemelex Xobeh
Okawaru
Ru
Sif Muna
Trog
Uskayaw
Vehumet
Wu Jian
Xom
Yredelemnul
Zin
The Shining One

Shops:
D:6 *   Depths:1 *   Depths:2 }}=

Portals:
Hell: Depths:1
Abyss: Depths:1

Annotations:
Lair:3 1 exclusion
Depths:2 1 runed translucent door


Innate Abilities, Weirdness & Mutations

You reflexively headbutt those who attack you in melee.
You have a pair of horns on your head.


Message History

The spray of metal splinters hits you!!
* * * LOW HITPOINT WARNING * * *
You hear a shout!
You feel better.
You feel better.
The iron dragon bites you but does no damage.
You block the iron dragon's attack. The iron dragon tramples you!
* * * LOW HITPOINT WARNING * * *
You are shoved backwards!
An ettin comes into view. It is wielding two +0 dire flails.
Blink to where?
Press: ? - help, Dir - move target cursor You are very lightly contaminated with residual magic.
As you read the scroll of blinking, it crumbles to dust.
Things that are here:
a +2 battleaxe of electrocution; a +0 plate armour A deep elf high priest comes into view.
It is wielding a +0 scimitar.
The deep elf high priest utters a dark prayer and points at you.
Your life force is offered up.
You die...

#.# #.#♣.....♣
#.############.#♣..∩.♣♣
#........[.....#♣...♣♣
#######)#......#♣♣♣♣♣
##....###....###
#.....# ##.....+
#.....# #.§...#
##.....#####D#### .
#.....@..#...# #..
#......<##...###...#
#.......#....#...# #
#.......(......###.#
###....##....###...#
#..>##.e.##C.).#
###'#......###...#
..#........###.#
#....###...###


You could see a deep elf high priest.

Vanquished Creatures
  Jorgrun (Spider:1)
  A tentacled monstrosity (Depths:2)
  A sphinx (Depths:1)
  A tengu reaver (Depths:1)
  Kirke (Lair:3)
  A fire giant (D:15)
  5 ghost moths
  2 frost giants (Depths:1)
  2 emperor scorpions (Spider:4)
  The ghost of Kuerar the Basher, a journeyman BaFi of Cheibriados (Lair:4)
  A stone giant (Depths:2)
  3 very ugly things
  A vampire knight (Depths:2)
  3 entropy weavers
  3 spark wasps
  3 fire dragons
  An ettin (Depths:1)
  A merfolk impaler (Depths:1)
  3 great orbs of eyes (Depths:1)
  A yaktaur captain (Depths:1)
  Fannar (Lair:2)
  2 vault guards (D:14)
  A rakshasa (Depths:1)
  10 hydras
  A merfolk avatar (Shoals:1)
  3 centaur warriors
  A spriggan air mage (Depths:2)
  2 two-headed ogres
  7 deep troll shamans
  Urug (Lair:3)
  2 deep troll earth magi (Depths:1)
  2 ogre magi (Depths:1)
  3 skeletal warriors (D:14)
  6 sea snakes (Shoals:1)
  2 iron trolls
  A deep troll (Depths:2)
  3 large abominations (Depths:1)
  5 unseen horrors
  5 harpies (Shoals:1)
  A wizard (D:14)
  A wolf spider zombie (D:13)
  Pikel (D:7)
  12 orb spiders
  2 necromancers
  A phantasmal warrior (Depths:2)
  26 wolf spiders
  4 deep elf magi
  7 manticores
  6 ugly things
  An elephant (shapeshifter) (Depths:1)
  5 cyclopes
  6 fauns (Shoals:1)
  2 moths of wrath
  2 merfolk sirens (Shoals:1)
  5 elephants
  Joseph (D:8)
  A centaur zombie (D:15)
  5 ice statues (IceCv)
  Maurice (D:8)
  A water nymph (Shoals:2)
  5 black mambas
  6 spiny frogs
  2 gargoyles
  2 torpor snails
  5 komodo dragons
  2 kobold demonologists (D:15)
  An anaconda simulacrum (IceCv)
  3 rime drakes
  4 yaktaurs (Depths:2)
  3 efreet
  A redback zombie (D:15)
  15 demonic crawlers
  3 tengu conjurers
  A troll (D:13)
  8 merfolk
  9 polar bears (Lair:6)
  2 wind drakes
  34 jumping spiders
  3 snapping turtles (Shoals:1)
  4 raiju (Lair:6)
  6 hornets (Spider:4)
  13 blink frogs
  9 slime creatures
  A spectral black mamba (Lair:4)
  15 dream sheep
  14 hippogriffs
  A centaur simulacrum (D:15)
  Sigmund (D:5)
  27 tarantellas
  4 water elementals (Depths:1)
  A shadow (D:13)
  55 redbacks
  Grum (D:8)
  5 basilisks
  4 wyverns
  23 yaks
  2 chaos spawn (Depths:1)
  2 hungry ghosts
  21 humans (D:14)
  4 hogs (Lair:3)
  5 vampire mosquitoes
  4 iron troll simulacra (IceCv)
  A harpy simulacrum (IceCv)
  A death yak simulacrum (Lair:4)
  4 wargs (Lair:6)
  13 hell hounds (Lair:6)
  7 water moccasins
  A floating eye (Depths:1)
  10 porcupines
  5 hydra simulacra
  11 ice beasts
  13 black bears
  2 orc warriors
  4 sky beasts
  A necrophage (D:12)
  2 eyes of draining
  5 boggarts (Depths:1)
  9 ogres
  A centaur (shapeshifter) (Depths:1)
  2 centaurs
  54 wolves
  13 crocodiles
  3 big kobolds
  20 bullfrogs
  A wyvern zombie (D:11)
  A spiny frog simulacrum (Lair:4)
  8 small abominations (Depths:1)
  A wyvern skeleton (D:14)
  A scorpion (D:5)
  4 killer bees (D:9)
  13 wights
  4 howler monkeys
  5 electric eels
  8 crimson imps
  7 hounds
  A bullfrog zombie (D:6)
  Crazy Yiuf (D:3)
  4 jellies
  10 centaur skeletons
  14 orc priests
  A gnoll shaman (D:7)
  Terence (D:2)
  4 iguanas
  8 orc wizards
  Natasha (twice) (D:4)
  14 worker ants
  A hound zombie (D:10)
  A hound skeleton (D:5)
  A worker ant zombie (D:10)
  Robin (D:2)
  10 gnolls
  21 adders
  7 shadow imps
  An ooze (D:6)
  3 adder skeletons
  5 worms
  5 leopard geckos
  55 orcs
  4 bats
  7 giant cockroaches
  A goblin (shapeshifter) (Depths:2)
  13 hobgoblins
  8 jackals
  26 kobolds
  10 frilled lizards
  15 goblins
  A jackal skeleton (D:4)
  A quokka skeleton (D:5)
  15 rats
  A fungus (Lair:2)
  6 plants
1030 creatures vanquished.

Vanquished Creatures (others)
  A cyclops (D:13)
  4 yaktaurs
  2 centaurs (D:11)
  An orc (D:12)
  A kobold (D:15)
  A fungus (Lair:6)
  9 plants (Lair:6)
19 creatures vanquished.

Grand Total: 1049 creatures vanquished

Notes
Turn   | Place    | Note
-------+----------+-------------------------------------------
     0 | D:1      | Laan the Minotaur Fighter began the quest for the Orb.
     0 | D:1      | Reached XP level 1. HP: 19/19 MP: 0/0
   105 | D:1      | Reached XP level 2. HP: 27/27 MP: 1/1
   271 | D:1      | Reached XP level 3. HP: 27/33 MP: 2/2
   540 | D:2      | Noticed Terence
   558 | D:2      | Killed Terence
   617 | D:2      | Noticed Robin
   620 | D:2      | Reached XP level 4. HP: 40/40 MP: 3/3
   629 | D:2      | Killed Robin
   753 | D:2      | Reached XP level 5. HP: 35/47 MP: 4/4
   757 | D:2      | Found a burning altar of Makhleb.
   875 | D:2      | You fall through a shaft!
  1413 | D:3      | Reached skill level 5 in Axes
  1509 | D:3      | Found a runed translucent door.
  1510 | D:3      | Noticed Crazy Yiuf
  1516 | D:3      | Killed Crazy Yiuf
  1516 | D:3      | Reached skill level 5 in Fighting
  1516 | D:3      | Reached XP level 6. HP: 56/56 MP: 5/5
  1748 | D:4      | Reached skill level 5 in Armour
  1748 | D:4      | Reached skill level 5 in Shields
  1786 | D:4      | Noticed Natasha
  1791 | D:4      | Killed Natasha
  1983 | D:4      | Reached XP level 7. HP: 45/61 MP: 6/6
  2057 | D:4      | Noticed Natasha
  2063 | D:4      | Killed Natasha
  2200 | D:5      | Entered Level 5 of the Dungeon
  2231 | D:5      | Found an opulent altar of Gozag.
  2587 | D:5      | Noticed Sigmund
  2597 | D:5      | Killed Sigmund
  2597 | D:5      | Reached XP level 8. HP: 60/70 MP: 7/7
  3375 | D:6      | Found a snail-covered altar of Cheibriados.
  3461 | D:6      | Found Apsifuim's General Store.
  3839 | D:7      | Found a hazy altar of Hepliaklqana.
  3908 | D:7      | Found a staircase to the Ecumenical Temple.
  3920 | Temple   | Entered the Ecumenical Temple
  3996 | Temple   | Became a worshipper of Warmaster Okawaru
  4027 | D:7      | Noticed Pikel
  4037 | D:7      | Killed Pikel
  4037 | D:7      | Reached * piety under Okawaru
  4037 | D:7      | Reached XP level 9. HP: 64/79 MP: 8/8
  4069 | D:7      | Found a deep blue altar of Sif Muna.
  4072 | D:7      | Found an ancient bone altar of Kikubaaqudgha.
  4075 | D:7      | Found a blossoming altar of Fedhas.
  4078 | D:7      | Found a sacrificial altar of Ru.
  4215 | D:7      | Reached skill level 10 in Axes
  4221 | D:7      | Reached ** piety under Okawaru
  4695 | D:8      | Noticed Joseph
  4719 | D:8      | Killed Joseph
  4893 | D:8      | Noticed Grum
  4900 | D:8      | Killed Grum
  4907 | D:8      | Reached *** piety under Okawaru
  4907 | D:8      | Reached XP level 10. HP: 57/90 MP: 9/9
  4954 | D:8      | Noticed a two-headed ogre
  4960 | D:8      | Killed a two-headed ogre
  5380 | D:8      | Noticed Maurice
  5396 | D:8      | Killed Maurice
  5396 | D:8      | Reached **** piety under Okawaru
  6244 | D:9      | Got a slimy chain mail
  6245 | D:9      | Identified the cursed +0 chain mail "Fokkecag" {rElec
                  | Dex+3} (You found it on level 9 of the Dungeon)
  6464 | D:9      | Reached ***** piety under Okawaru
  6647 | D:10     | Entered Level 10 of the Dungeon
  6776 | D:10     | Killed an unseen horror
  6966 | D:10     | Reached XP level 11. HP: 98/99 MP: 10/10
  7018 | D:10     | Found a staircase to the Lair.
  7029 | D:10     | Reached skill level 10 in Fighting
  7029 | D:10     | Reached skill level 10 in Armour
  7225 | Lair:1   | Entered Level 1 of the Lair of Beasts
  7252 | Lair:1   | Reached skill level 10 in Shields
  8023 | Lair:1   | Reached ****** piety under Okawaru
  8486 | Lair:2   | Received a gift from Okawaru
  9290 | Lair:2   | Reached XP level 12. HP: 62/110 MP: 11/11
  9562 | Lair:2   | Found a staircase to the Shoals.
  9613 | Lair:2   | Noticed Fannar
  9629 | Lair:2   | Killed Fannar
 10317 | Lair:3   | Noticed a four-headed hydra
 10324 | Lair:3   | Killed a four-headed hydra
 10328 | Lair:3   | Got a brightly glowing chain mail
 10329 | Lair:3   | Identified the cursed +0 chain mail "Moumy" {rElec rPois
                  | rCorr Int-3} (You found it on level 3 of the Lair of
                  | Beasts)
 10342 | Lair:3   | You fall through a shaft!
 10504 | Lair:4   | Reached skill level 15 in Axes
 10591 | Lair:4   | Noticed a five-headed hydra
 10607 | Lair:4   | Killed a five-headed hydra
 10662 | Lair:4   | Found a runed translucent gate.
 10662 | Lair:4   | Found a runed translucent gate.
 10662 | Lair:4   | Found a runed translucent gate.
 10680 | Lair:4   | Found the +2 Maxwell's thermic engine {flame, freeze}
 10803 | Lair:3   | Identified Raepamp's Collected Works on Blistering
                  | Protection
 11009 | Lair:3   | Noticed Urug
 11028 | Lair:3   | Killed Urug
 11028 | Lair:3   | Received a gift from Okawaru
 11283 | Lair:3   | Noticed a fire dragon
 11310 | Lair:3   | Killed a fire dragon
 11310 | Lair:3   | Received a gift from Okawaru
 11315 | Lair:3   | Got a pair of bloodstained gloves {god gift}
 11316 | Lair:3   | Identified the +0 pair of gloves "Uxus" {Str+4} (Okawaru
                  | gifted it to you on level 3 of the Lair of Beasts)
 11674 | Lair:4   | Found a hole to the Spider Nest.
 11779 | Lair:4   | Noticed Kirke
 11970 | Lair:3   | Killed Kirke
 11970 | Lair:3   | Reached XP level 13. HP: 118/118 MP: 12/12
 12201 | Lair:4   | Noticed Kuerar's ghost (journeyman BaFi)
 12532 | Lair:4   | Killed Kuerar's ghost
 13209 | Lair:5   | Received a gift from Okawaru
 13301 | Lair:5   | Found a staircase to the Slime Pits.
 13940 | Lair:6   | Entered Level 6 of the Lair of Beasts
 14251 | Lair:6   | Received a gift from Okawaru
 14402 | Lair:6   | Received a gift from Okawaru
 14405 | Lair:6   | Got a fine hat {god gift}
 14406 | Lair:6   | Identified the +0 hat of the Jabberwock {rN+} (Okawaru
                  | gifted it to you on level 6 of the Lair of Beasts)
 15070 | Lair:6   | Reached XP level 14. HP: 103/129 MP: 13/13
 16467 | D:12     | Found a staircase to the Orcish Mines.
 16648 | D:12     | Found the +6 lightning scales {run, rElec}
 18197 | D:14     | Found a snail-covered altar of Cheibriados.
 18269 | D:14     | Received a gift from Okawaru
 18326 | D:14     | Got a jewelled hand axe {god gift}
 18366 | D:14     | Identified the +11 hand axe of Autumn {venom, Dex+5}
                  | (Okawaru gifted it to you on level 14 of the Dungeon)
 18728 | D:14     | Received a gift from Okawaru
 18778 | D:14     | Found a gate to the Vaults.
 19072 | D:15     | Entered Level 15 of the Dungeon
 19337 | D:15     | Reached XP level 15. HP: 111/139 MP: 14/14
 19480 | D:15     | Found a staircase to the Depths.
 19482 | D:15     | Noticed a fire giant
 19496 | D:15     | Killed a fire giant
 19503 | D:15     | Reached skill level 15 in Fighting
 19503 | D:15     | Reached skill level 15 in Armour
 19522 | D:15     | Reached skill level 15 in Shields
 20346 | Shoals:1 | Entered Level 1 of the Shoals
 20431 | Shoals:1 | Received a gift from Okawaru
 20437 | Shoals:1 | Got a distressingly furry ring mail {god gift}
 20439 | Shoals:1 | Identified the +1 ring mail "Rystruxok" {rC+} (Okawaru
                  | gifted it to you on level 1 of the Shoals)
 21789 | Spider:1 | Entered Level 1 of the Spider Nest
 22220 | Spider:1 | Found a frozen archway.
 22224 | IceCv    | Entered an ice cave
 22248 | IceCv    | Received a gift from Okawaru
 22251 | IceCv    | Got a pair of brightly glowing gloves {god gift}
 22252 | IceCv    | Identified the +0 pair of gloves "Xeopae" {rF+ rCorr Int+3
                  | Dex+3} (Okawaru gifted it to you in an ice cave)
 23115 | Spider:1 | Noticed Jorgrun
 23132 | Spider:1 | Killed Jorgrun
 23236 | Spider:1 | Reached XP level 16. HP: 115/152 MP: 15/15
 24194 | Spider:2 | You fall through a shaft!
 24253 | Spider:3 | Received a gift from Okawaru
 25286 | Spider:3 | Reached skill level 1 in Invocations
 25694 | Spider:3 | Upgraded the game from 0.23.0 to 0.23.0-2-g0fe3ce5905
 25695 | Spider:4 | Entered Level 4 of the Spider Nest
 26504 | Spider:4 | Received a gift from Okawaru
 26641 | Spider:4 | Reached skill level 5 in Invocations
 27107 | Spider:4 | Reached XP level 17. HP: 152/163 MP: 0/19
 27207 | Spider:4 | Got a gossamer rune of Zot
 27529 | Depths:1 | Entered Level 1 of the Depths
 28133 | Depths:1 | Found Selaufing's Elemental Accessories.
 28224 | Depths:1 | Found a gateway to Hell.
 28291 | Depths:1 | Received a gift from Okawaru
 29201 | Depths:1 | Found a one-way gate to the infinite horrors of the Abyss.
 29260 | Depths:2 | Found a runed translucent door.
 29563 | Depths:2 | Found Osoybiets's Jewellery Shoppe.
 29563 | Depths:2 | Found Voozxonere's Gadget Boutique.
 29564 | Depths:2 | Found Nihucrik's Gadget Boutique.
 29576 | Depths:2 | Bought the ring of Peace {rPois rC++ Stlth+} for 831 gold
                  | pieces
 29889 | Depths:2 | Noticed a tentacled monstrosity
 29901 | Depths:2 | Killed a tentacled monstrosity
 29934 | Depths:2 | Killed from afar by a deep elf high priest

Skill      XL: |  1  2  3  4  5  6  7  8  9 10 11 12 13 14 15 16 17 |
---------------+----------------------------------------------------+-----
Axes           | 3 4 5 6 7 9 11 12 14 16 17 18 | 18.0
Armour         | 4 5 6 7 8 9 11 12 13 14 16 17 18 | 18.9
Fighting       | 4 5 6 7 8 9 11 12 13 14 16 17 18 | 18.9
Shields        | 4 5 6 7 8 9 11 12 13 14 16 17 | 17.0
Invocations    | 5 8 |  8.1

Action                   |  1- 3 |  4- 6 |  7- 9 | 10-12 | 13-15 | 16-18 || total
-------------------------+-------+-------+-------+-------+-------+-------++-------
Melee: War axe           |    83 |   159 |    81 |       |       |       ||   323
       Headbutt          |     7 |    23 |    60 |   140 |   291 |   149 ||   670
       Broad axe         |       |       |   197 |   544 |   853 |   580 ||  2174
       Flail             |       |       |       |    12 |       |       ||    12
       Double sword      |       |       |       |       |    32 |       ||    32
       Hand axe          |       |       |       |       |   299 |       ||   299
Evoke: Wand              |       |       |       |       |     3 |     9 ||    12
  Use: Scroll            |       |       |    12 |    17 |    18 |     8 ||    55
       Potion            |       |       |       |    11 |     1 |    20 ||    32
  Eat: Chunk             |    16 |     5 |    10 |    23 |    20 |     9 ||    83
       Ration            |       |       |       |       |     3 |     4 ||     7
Armor: Scale mail        |    12 |       |       |       |       |       ||    12
       Plate armour      |    42 |    92 |   191 |    62 |       |       ||   387
       Chain mail        |       |       |       |   209 |   368 |   252 ||   829
Dodge: Dodged            |    15 |    27 |    70 |   162 |   303 |   228 ||   805
Block: Shield            |    48 |    85 |   179 |   428 |   816 |   562 ||  2118
       Reflection        |       |       |       |       |    55 |    11 ||    66
